Map: Thunderbird LE

Players

Reynor - Winner!

  • Race: Zerg Zerg
  • Spawn Location: 5:00

Trap

  • Race: Protoss Protoss
  • Spawn Location: 11:00

Event: 2019 WCS Global FInals

VOD

Have the link to the VOD?

Description

Time

  • Played on: Nov. 1, 2019, 4:38 p.m.
  • Length: 13:06

All games in this series

Show
View Real Time Build Order
Export as new Build Order

Reynor Zerg - Winner!

Build Orders: Hatch First 

Get SALT Encoding   

  12  0:00  Drone  
  13  0:12  Overlord  
  13  0:16  Drone  
  14  0:30  Drone x2  
  16  0:46  Hatchery  
  15  0:50  Drone  
  15  0:54  Drone  
  15  0:57  Drone  
  18  1:07  Extractor  
  17  1:12  Spawning Pool  
  17  1:15  Drone  
  18  1:18  Drone  
  18  1:28  Drone  
  19  1:39  Drone  
  20  1:49  Overlord  
  20  1:59  Zergling x2, Queen x2  
  20  2:00  Zergling x2  
  26  2:11  Drone x2  
  28  2:20  Drone  
  28  2:22  Drone  
  30  2:27  Hatchery  
  29  2:31  Drone  
  29  2:32  Drone  
  29  2:36  Pneumatized Carapace  
  31  2:41  Drone  
  31  2:43  Overlord  
  32  2:49  Queen  
  34  2:53  Zergling x2  
  34  2:57  Drone  
  36  3:03  Drone  
  37  3:08  Drone x3  
  37  3:09  Overlord  
  40  3:13  Drone  
  40  3:16  Metabolic Boost  
  40  3:18  Drone  
  42  3:24  Drone  
  43  3:27  Queen  
  43  3:30  Drone  
  43  3:32  Spore Crawler  
  45  3:35  Drone  
  45  3:40  Drone x5  
  51  3:42  Drone  
  51  3:45  Spore Crawler  
  51  3:47  Overlord  
  51  3:51  Spore Crawler  
  51  3:55  Spore Crawler, Drone  
  50  3:58  Overlord  
  50  4:05  Drone  
  50  4:06  Drone x2, Queen  
  55  4:15  Zergling x2  
  58  4:17  Zergling x6  
  58  4:19  Drone  
  62  4:25  Drone  
  62  4:26  Roach Warren  
  62  4:28  Drone x2  
  62  4:33  Lair  
  62  4:35  Drone x2  
  62  4:36  Drone  
  65  4:38  Drone  
  65  4:43  Overlord  
  65  4:44  Extractor  
  65  4:45  Drone x3, Extractor  
  65  4:46  Drone  
  65  4:47  Evolution Chamber  
  65  4:53  Drone  
  65  4:55  Overlord  
  66  5:01  Overlord  
  66  5:02  Drone x4  
  66  5:03  Drone  
  71  5:10  Roach  
  71  5:12  Overlord  
  71  5:13  Drone x2, Extractor  
  74  5:15  Zerg Melee Weapons Level 1  
  74  5:16  Extractor, Roach x2  
  74  5:19  Overlord  
  77  5:22  Roach x2  
  77  5:28  Overlord  
  81  5:29  Roach x3  
  81  5:31  Drone x2  
  81  5:35  Overlord  
  89  5:37  Drone x2  
  89  5:39  Roach x2  
  95  5:45  Roach  
  96  5:51  Roach  
  96  5:52  Roach x3  
  96  5:55  Overlord  
  96  5:56  Roach  
  97  6:01  Roach  
  97  6:02  Drone x2  
  92  6:06  Roach x3  
  98  6:13  Drone x3  
  98  6:16  Extractor  
  98  6:18  Glial Reconstitution  
  100  6:19  Overseer  
  100  6:24  Drone x2  
  100  6:25  Drone  
  103  6:29  Hatchery  
  103  6:32  Drone x2  
  102  6:33  Drone x3  
  102  6:36  Drone  
  102  6:37  Baneling Nest, Queen  
  107  6:42  Overlord  
  107  6:44  Roach x3  
  107  6:45  Overlord  
  113  6:52  Zergling x2  
  113  6:53  Overlord  
  114  6:58  Overlord  
  114  7:04  Zergling x14  
  114  7:06  Overlord  
  114  7:07  Zergling x4  
  114  7:08  Zergling x2  
  124  7:10  Zerg Melee Weapons Level 2, Queen  
  124  7:12  Drone x3  
  124  7:15  Drone, Infestation Pit  
  129  7:17  Drone  
  130  7:26  Roach x2  
  130  7:27  Drone  
  130  7:28  Evolution Chamber  
  130  7:29  Queen  
  136  7:30  Overseer  
  136  7:32  Drone x6  
  136  7:37  Overlord, Drone x2  
  144  7:45  Centrifical Hooks  
  144  7:46  Queen  
  144  7:48  Spire  
  145  7:54  Hive  
  145  7:58  Zerg Missile Weapons Level 1  
  145  8:00  Zergling x16  
  145  8:03  Ravager x3  
  145  8:04  Ravager  
  157  8:07  Overlord, Ravager  
  157  8:08  Overlord  
  157  8:09  Baneling  
  157  8:10  Baneling x7  
  157  8:11  Zergling x2  
  158  8:26  Drone x2  
  160  8:27  Extractor  
  160  8:28  Drone x2  
  160  8:31  Roach, Zergling x12  
  169  8:36  Hatchery  
  168  8:41  Zergling x12  
  168  8:42  Zergling x4  
  168  8:43  Baneling x3  
  168  8:45  Baneling  
  175  8:55  Overlord, Baneling x8  
  172  9:04  Baneling x4  
  172  9:05  Baneling  
  172  9:08  Greater Spire  
  172  9:10  Drone x4  
  172  9:11  Overlord, Extractor  
  172  9:15  Zergling x18  
  184  9:20  Baneling x5  
  184  9:23  Overlord  
  184  9:24  Overlord x2  
  183  9:28  Baneling x16  
  183  9:29  Baneling x11  
  183  9:37  Overlord  
  182  9:44  Zergling x28  
  191  9:47  Roach  
  191  9:49  Viper  
  191  9:50  Roach x2  
  185  9:54  Zergling x2  
  185  9:55  Zergling x6  
  185  9:56  Zergling x2  
  185  9:59  Queen  
  177  10:01  Drone x3  
  181  10:08  Drone x2  
  181  10:10  Drone x2  
  181  10:11  Overseer, Spine Crawler x3  
  181  10:13  Baneling x4  
  182  10:16  Zergling x2  
  182  10:18  Roach, Zergling x2  
  182  10:23  Baneling  
  182  10:24  Baneling x14  
  182  10:25  Zerg Flyer Weapons Level 1  
  182  10:28  Zergling x18  
  191  10:35  Baneling x13  
  191  10:38  Zergling x12  
  191  10:42  Baneling x5  
  197  10:43  Baneling x2, Zergling x6  
  197  10:46  Extractor  
  197  10:47  Extractor  
  193  10:50  Zergling x2  
  193  10:51  Zergling x12  
  193  10:53  Zergling x4, Roach  
  193  10:57  Zergling x8  
  193  10:59  Zergling x6  
  183  11:05  Zergling x14  
  187  11:15  Zergling x8  
  185  11:22  Corruptor x5  
  185  11:23  Corruptor  
  197  11:29  Adrenal Glands  
  197  11:45  Zergling x4  
  198  11:49  Baneling  
  198  11:50  Baneling x7  
  198  11:52  Overlord  
  194  12:07  Overlord  
  189  12:15  Zergling x34  
  188  12:18  Brood Lord x4  
  188  12:22  Drone x4, Spire  
  195  12:25  Zergling x2  
  195  12:26  Zergling x14  
  195  12:30  Baneling x4  
  195  12:33  Zergling x16  
  188  12:46  Baneling x8  
  188  12:47  Baneling x2  
  188  12:50  Hatchery  
Show
View Real Time Build Order
Export as new Build Order

Trap Protoss 

Build Orders: 1 Gate Expand, Oracle Opening, Archon Immortal, Archon Drop 

Get SALT Encoding   

  12  0:00  Probe  
  13  0:12  Probe  
  14  0:18  Pylon  
  14  0:24  Probe (Chrono Boost)  
  15  0:36  Probe (Chrono Boost)  
  16  0:45  Gateway, Probe (Chrono Boost)  
  16  0:47  Assimilator  
  17  0:51  Probe  
  18  1:03  Probe  
  19  1:15  Probe  
  20  1:22  Nexus  
  20  1:33  Cybernetics Core  
  20  1:36  Probe  
  21  1:44  Assimilator  
  21  1:48  Probe  
  21  1:52  Pylon  
  22  2:00  Probe  
  23  2:07  Adept (Chrono Boost)  
  23  2:12  Probe  
  23  2:15  Stargate  
  26  2:24  Warp Gate  
  26  2:25  Probe (Chrono Boost)  
  27  2:33  Stalker  
  27  2:35  Probe (Chrono Boost)  
  31  2:37  Probe (Chrono Boost)  
  32  2:44  Probe (Chrono Boost)  
  32  2:45  Probe (Chrono Boost)  
  32  2:49  Probe (Chrono Boost)  
  32  2:51  Probe  
  35  2:59  Oracle (Chrono Boost)  
  35  3:01  Probe  
  35  3:03  Probe  
  35  3:05  Assimilator  
  40  3:13  Pylon, Probe  
  40  3:15  Probe  
  42  3:21  Robotics Facility  
  42  3:25  Probe  
  43  3:27  Probe  
  43  3:31  Assimilator  
  44  3:37  Probe  
  44  3:39  Twilight Council, Probe  
  46  3:49  Probe  
  46  3:51  Probe  
  48  3:57  Gateway  
  48  3:59  Gateway  
  48  4:02  Gateway  
  48  4:03  Probe x2  
  48  4:06  Warp Prism (Chrono Boost)  
  52  4:17  Pylon  
  52  4:18  Templar Archives  
  52  4:20  Probe, Charge (Chrono Boost)  
  52  4:21  Probe  
  54  4:32  Pylon  
  54  4:39  Gateway  
  54  4:41  Gateway  
  54  4:50  Pylon  
  54  4:53  High Templar  
  54  4:54  High Templar  
  54  4:58  Archon  
  58  5:00  Nexus  
  58  5:01  Probe x2  
  58  5:04  High Templar  
  62  5:12  High Templar  
  64  5:16  Archon  
  64  5:19  Pylon  
  64  5:20  Observer, Probe x2  
  67  5:37  Zealot x4  
  67  5:38  Zealot  
  67  5:39  Probe  
  67  5:40  Probe  
  79  5:55  Zealot  
  75  5:57  Probe x2  
  75  5:58  Zealot x3  
  75  5:59  Zealot x2  
  82  6:04  Immortal (Chrono Boost)  
  86  6:11  Probe x2 (Chrono Boost)  
  86  6:13  Pylon, Probe (Chrono Boost)  
  86  6:17  Sentry  
  89  6:20  Forge  
  89  6:23  Sentry x2  
  89  6:25  Probe (Chrono Boost)  
  96  6:26  Probe x2 (Chrono Boost)  
  96  6:30  Probe (Chrono Boost)  
  97  6:33  Immortal (Chrono Boost), Probe  
  97  6:34  Probe  
  103  6:42  Pylon, Probe  
  104  6:47  Assimilator  
  104  6:48  Protoss Ground Weapons Level 1 (Chrono Boost)  
  104  6:49  Probe x2  
  104  6:52  Assimilator  
  59  6:54  Phoenix  
  106  6:55  Probe  
  106  6:57  Pylon  
  109  7:03  Immortal (Chrono Boost), Observer  
  113  7:11  Gateway  
  113  7:13  Gateway  
  113  7:14  Photon Cannon  
  113  7:15  Pylon  
  113  7:23  Nexus  
  113  7:32  Immortal (Chrono Boost)  
  113  7:35  Pylon  
  117  7:38  Photon Cannon, High Templar x4  
  117  7:40  Photon Cannon  
  117  7:42  Archon  
  117  7:43  Archon  
  124  7:46  Pylon, Probe x3  
  124  7:48  Shield Battery  
  127  7:51  Shield Battery  
  127  7:54  High Templar x2  
  131  7:58  Archon  
  131  8:01  Immortal (Chrono Boost)  
  135  8:05  Zealot  
  135  8:08  Probe  
  135  8:09  Probe x2  
  135  8:10  Assimilator  
  140  8:13  Assimilator  
  140  8:14  Photon Cannon  
  140  8:21  High Templar x2  
  140  8:22  Probe x3  
  147  8:28  Archon  
  147  8:33  Gateway  
  147  8:34  Immortal (Chrono Boost), Gateway, Protoss Ground Weapons Level 2 (Chrono Boost)  
  151  8:44  Gateway x2  
  149  8:53  High Templar x2  
  153  9:00  Archon  
  153  9:02  Zealot, High Templar x2  
  157  9:03  Zealot x2  
  157  9:05  Pylon  
  157  9:07  Pylon, Archon  
  157  9:09  Pylon  
  163  9:16  Pylon  
  163  9:18  Pylon  
  163  9:20  Warp Prism (Chrono Boost)  
  163  9:22  Pylon  
  163  9:24  Pylon  
  165  9:28  Stalker x3  
  171  9:35  Zealot  
  171  9:36  Zealot x2  
  136  9:58  High Templar x2  
  136  9:59  High Templar x4  
  124  10:00  Zealot x6  
  124  10:01  Immortal (Chrono Boost)  
  124  10:03  Archon  
  124  10:04  Archon x2  
  140  10:10  Shield Battery  
  140  10:11  Shield Battery  
  140  10:19  Blink  
  138  10:25  High Templar x2  
  138  10:26  Zealot x4  
  150  10:30  Archon  
  150  10:31  Zealot x5  
  160  10:39  Observer (Chrono Boost)  
  161  10:43  Protoss Ground Armor Level 1 (Chrono Boost)  
  161  10:45  Zealot  
  161  10:46  Zealot x4  
  165  10:52  Immortal (Chrono Boost)  
  125  11:07  Zealot x5  
  125  11:08  Zealot x7  
  125  11:09  Probe x2  
  125  11:10  Probe  
  120  11:17  Probe  
  117  11:21  Probe x2  
  117  11:22  Probe  
  117  11:23  Psionic Storm  
  120  11:29  Probe  
  120  11:30  Stalker x2  
  125  11:43  High Templar x4  
  129  11:48  Archon x2  
  119  12:09  Zealot x4, High Templar x4  
  119  12:14  Archon  
  119  12:15  Archon  
  111  12:18  Zealot x3  
  111  12:19  Zealot  
  111  12:20  Immortal (Chrono Boost)  
  101  12:36  Stalker x4  
  95  12:39  Stalker x3  
  95  12:40  Stalker  
  95  12:42  High Templar x2  
  95  12:43  Zealot  
  109  12:46  Archon  
  109  12:48  Stalker  
Tags
 
Add a new tag
Caveats
  • Supply blocks, unpowered buildings, or Contaminate may cause inaccurate times.
  • Supply counts are checked every 10 seconds.